 Dungeon Crawl Stone Soup version 0.29.1-12-g30fa7ad0bf (webtiles) character file.

Game seed: 3429436744728683794

4 xian the Grasshopper (level 1, 0/16 HPs)
             Began as a Demonspawn Warper on Dec 29, 2022.
             Killed from afar by a dart slug (1 damage)
             ... with a slug dart
             ... on level 1 of the Dungeon.
             The game lasted 00:01:11 (200 turns).

xian the Grasshopper (Demonspawn Warper)             Turns: 200, Time: 00:01:13

Health: 0/16       AC:  3    Str: 11    XL:     1   Next: 58%
Magic:  2/3        EV: 11    Int: 14    God:
Gold:   16         SH:  0    Dex: 12    Spells: 3/4 levels left

rFire   . . .      SeeInvis .   a - +0 mace
rCold   . . .      Faith    .   (no shield)
rNeg    . . .      Spirit   .   b - +0 leather armour
rPois   .          Reflect  .   (no helmet)
rElec   .          Harm     .   (no cloak)
rCorr   .          Rampage  .   (no gloves)
Will    .....                   (no boots)
Stlth   +.........              (no amulet)
HPRegen 0.05/turn               (no ring)
MPRegen 0.08/turn               (no ring)

@: no status effects
A: no striking features
a: no special abilities


You were on level 1 of the Dungeon.
You visited 1 branch of the dungeon, and saw 1 of its levels.

You collected 16 gold pieces.

Inventory:

Hand Weapons
 a - a +0 mace (weapon)
Missiles
 d - 7 boomerangs of dispersal
Armour
 b - a +0 leather armour (worn)
Scrolls
 c - a scroll of blinking
 e - a scroll of enchant weapon {unknown}


   Skills:
 + Level 2.0 Fighting
 + Level 1.7 Maces & Flails
 + Level 0.8 Throwing
 + Level 0.8 Armour
 + Level 1.9 Dodging
 + Level 2.0 Spellcasting
 + Level 2.9 Translocations


You had 3 spell levels left.
You knew the following spells:

 Your Spells              Type           Power      Damage    Failure   Level
a - Freeze                Ice            4%         1d3       30%         1

Your spell library contained the following spells:

 Spells                   Type           Power      Damage    Failure   Level
 Blink                    Tloc           18%        N/A       14%         2
 Gell's Gravitas          Tloc           9%         N/A       28%         3
 Lesser Beckoning         Tloc           9%         N/A       28%         3
 Teleport Other           Tloc           9%         N/A       28%         3
 Frozen Ramparts          Ice            2%         1d1       67%         3
 Manifold Assault         Tloc           9%         N/A       95%         5
 Hailstorm                Conj/Ice       1%         3d3       97%         4


Dungeon Overview and Level Annotations

Branches:
Dungeon (1/15)

Altars:


Message History

Aim: a quokka You freeze the quokka.
The quokka is heavily wounded.
The bat barely misses you. The quokka bites you.
You hit the quokka but do no damage.
The quokka is heavily wounded.
The bat hits you but does no damage. The quokka bites you.
The quokka barely misses you.
You barely miss the quokka. Your punch misses the quokka.
The quokka is heavily wounded.
The bat hits you. The bat misses you. The quokka barely misses you.
The bat closely misses you.
You hit the quokka but do no damage.
The quokka is heavily wounded.
The bat barely misses you.
The quokka bites you but does no damage.
The bat hits you. The quokka closely misses you.
You hit the quokka.
You kill the quokka!
The bat hits you but does no damage. The bat hits you but does no damage.
The bat hits you. The dart slug launches a dart at you. The slug dart hits you.
* * * LOW HITPOINT WARNING * * *
The bat hits you.
* * * LOW HITPOINT WARNING * * *
The bat hits you but does no damage. The dart slug misses you.
The bat hits you.
* * * LOW HITPOINT WARNING * * *
The dart slug launches a dart at you. The slug dart misses you.
You hit the dart slug but do no damage. The bat barely misses you.
You hit the dart slug.
The dart slug is moderately wounded.
The bat closely misses you. The bat hits you.
* * * LOW HITPOINT WARNING * * *
The dart slug launches a dart at you. The slug dart hits you.
You die...

..#............
.............## ...#.
.....$......... ...#.
.........##.### #...
.##..##..##.# #..# .....
#..##.##### #..# #
.##..##..##.....###..# #
.......b..........#..# #
.##.....@w...........# #
#####..##.#.....##.# #
#..##.#.....##.## #
##.######..##.#.....##..###
...........#..#.....##.....
##.##......#..#.....##.####
#......#..#.....##.# #
#........†....####.# #
#......#.##...# #.# #


You could see a dart slug and a bat.

Vanquished Creatures
  A hobgoblin (D:1)
  A quokka (D:1)
  A kobold (D:1)
  2 rats (D:1)
5 creatures vanquished.

Notes
Turn   | Place    | Note
-------+----------+-------------------------------------------
     0 | D:1      | xian the Demonspawn Warper began the quest for the Orb.
     0 | D:1      | Reached XP level 1. HP: 16/16 MP: 3/3
    50 | D:1      | Learned a level 1 spell: Freeze
   200 | D:1      | Killed from afar by a dart slug

Illustrated notes

Levels and vault maps discovered:
D:1:      lemuel_arrival_room, layout_basic, ebering_ecumenical_altar_abandoned

Action                   || total
-------------------------++-------
Melee: Mace              ||    18
 Cast: Freeze            ||     3
Armor: Leather armour    ||    13
Dodge: Dodged            ||    23
